 Dungeon Crawl Stone Soup version 0.21.0-24-g2553a3340b (webtiles) character file.

311 Rrauwl the Changer (level 6, -9/47 HPs)
             Began as a Merfolk Transmuter on Jan 21, 2018.
             Mangled by an ogre
             ... wielding a +0 giant club
              (25 damage)
             ... on level 5 of the Dungeon.
             The game lasted 00:12:35 (4107 turns).

Rrauwl the Changer (Merfolk Transmuter)             Turns: 4107, Time: 00:12:35

Health: -9/47      AC:  4    Str: 10 (12) XL:     6   Next: 42%
Magic:  9/9        EV: 14    Int: 10 (12) God:
Gold:   206        SH:  0    Dex: 15 (17) Spells: 3/9 levels left

rFire    . . .     SeeInvis .     - Unarmed
rCold    . . .     Gourm    .   (no shield)
rNeg     + . .     Faith    .   g - +0 leather armour
rPois    .         Spirit   .   b - +0 helmet
rElec    .         Reflect  .   (no cloak)
rCorr    .         Harm     .   (no gloves)
MR       .....                  (no boots)
Stlth    +.........             (no amulet)
HPRegen  0.15/turn              m - ring of positive energy
MPRegen  0.11/turn              o - +2 ring of slaying

@: no status effects
A: change form in water, swift swim, stealthy swim, agile 1, blink
a: Blink


You were on level 5 of the Dungeon.
You were not hungry.

You visited 1 branch of the dungeon, and saw 5 of its levels.

You collected 206 gold pieces.

Inventory:

Missiles
 a - 92 arrows
 k - 17 bolts
Armour
 b - a +0 helmet (worn)
 g - a +0 leather armour (worn)
Jewellery
 l - a +4 ring of dexterity
 m - a ring of positive energy (left hand)
 o - a +2 ring of slaying (right hand)
Scrolls
 d - 3 scrolls of remove curse
 f - 2 scrolls of enchant weapon
 i - a scroll of fog
 n - 5 scrolls of identify
 p - a scroll of amnesia
 q - a scroll of fear
Potions
 h - 2 potions of mutation
 j - a potion of magic
 r - a potion of lignification
 s - a potion of might {unknown}
Books
 c - a book of Changes

   Spells                             Type                      Level
   a - Beastly Appendage              Transmutation                1
   b - Sticks to Snakes               Transmutation                2
   c - Spider Form                    Transmutation/Poison         3
   d - Ice Form                       Ice/Transmutation            4
   e - Blade Hands                    Transmutation                5
Comestibles
 e - 4 rations
 t - a chunk of flesh


   Skills:
 - Level 3.0 Fighting
 + Level 1.1 Armour
 + Level 4.7 Dodging
 + Level 4.7 Unarmed Combat
 - Level 2.0 Spellcasting
 + Level 4.8 Transmutations


You had 3 spell levels left.
You knew the following spells:

 Your Spells              Type           Power        Failure   Level  Hunger
a - Beastly Appendage     Tmut           ##....       6%          1    ##.....
b - Blade Hands           Tmut           ##........   85%         5    ######.


Dungeon Overview and Level Annotations

Branches:
Dungeon (5/15)
 Temple: D:4-7

Altars:
Ashenzari
Hepliaklqana
Wu Jian
Xom

Annotations:
D:4 GuyWithAPlan's ghost, amateur FoFi


Innate Abilities, Weirdness & Mutations

You revert to your normal form in water.
You are very nimble and swift while swimming.
You are very stealthy in the water. (Stealth+)
You are agile. (Dex +2)
You can translocate small distances at will.


Message History

You see here a dart slug corpse.
You butcher the dart slug corpse.
t - a chunk of flesh An ogre comes into view.
It is wielding a giant club.
The ogre shouts!
The ogre moves out of view.
A hippogriff comes into view.
You see here a scroll of remove curse.
You barely miss the ogre. The ogre misses you.
You hit the ogre.
The ogre is lightly wounded.
You hit the ogre.
The ogre is moderately wounded.
The ogre hits you with a giant club!!
Ouch! That really hurt!
You barely miss the ogre.
The ogre is moderately wounded.
The ogre hits you with a giant club!!
Ouch! That really hurt!
You die...

##### ###..###
##....## ###...##
##......#
###...###
#.......###...###
##........#..###
#...........##
#........###
#.........#
##.....@..#
#..?..O.##
####..### ##.#
#.# #.. #...
..#.H ##...


You could see an ogre.

Vanquished Creatures
  2 hounds
  2 orc priests (D:3)
  An iguana (D:5)
  An orc wizard (D:3)
  A worker ant (D:4)
  2 adders (D:2)
  3 worms
  3 dart slugs
  3 leopard geckos (D:1)
  3 orcs (D:3)
  4 bats
  9 giant cockroaches
  12 goblins
  5 hobgoblins (D:1)
  6 jackals
  A quokka (D:3)
  4 frilled lizards
  5 kobolds
  2 leopard gecko skeletons
  9 rats
78 creatures vanquished.

Vanquished Creatures (others)
  2 fungi (D:4)
  2 plants (D:4)
4 creatures vanquished.

Grand Total: 82 creatures vanquished

Notes
Turn   | Place    | Note
-------+----------+-------------------------------------------
     0 | D:1      | Rrauwl the Merfolk Transmuter began the quest for the Orb.
     0 | D:1      | Reached XP level 1. HP: 15/15 MP: 3/3
    33 | D:1      | Reached XP level 2. HP: 19/21 MP: 5/5
   489 | D:1      | Reached XP level 3. HP: 23/27 MP: 6/6
  1299 | D:2      | Reached XP level 4. HP: 22/33 MP: 7/7
  2000 | D:3      | Gained mutation: You are weak. (Str -2) [potion of mutation]
  2000 | D:3      | Gained mutation: You are agile. (Dex +2) [potion of mutation]
  2026 | D:3      | Reached XP level 5. HP: 15/39 MP: 8/8
  2042 | D:3      | Learned a level 5 spell: Blade Hands
  3251 | D:4      | Found a hazy altar of Hepliaklqana.
  3285 | D:4      | Found a shattered altar of Ashenzari.
  3289 | D:4      | Saw a vision of the Swamp and the Snake Pit.
  3289 | D:4      | Noticed a shock serpent
  3289 | D:4      | Noticed a naga mage
  3289 | D:4      | Noticed a naga ritualist
  3289 | D:4      | Noticed a swamp drake
  3289 | D:4      | Noticed an alligator
  3289 | D:4      | Noticed a swamp drake
  3289 | D:4      | Noticed a swamp drake
  3291 | D:4      | Noticed a black mamba
  3292 | D:4      | Noticed a black mamba
  3293 | D:4      | Noticed a naga
  3293 | D:4      | Noticed a naga
  3406 | D:4      | Reached XP level 6. HP: 47/47 MP: 9/9
  3474 | D:4      | Found a shimmering altar of Xom.
  3673 | D:4      | Noticed GuyWithAPlan's ghost (amateur FoFi)
  3674 | D:4      | Lost mutation: You are weak. (Str -2) [potion of mutation]
  3674 | D:4      | Lost mutation: You are agile. (Dex +2) [potion of mutation]
  3674 | D:4      | Gained mutation: You are agile. (Dex +2) [potion of mutation]
  3674 | D:4      | Gained mutation: You can translocate small distances at will. [potion of mutation]
  3821 | D:5      | Entered Level 5 of the Dungeon
  3821 | D:5      | Found an ornate altar of the Wu Jian Council.
  3834 | D:5      | Reached skill level 1 in Armour
  4099 | D:5      | Noticed a hippogriff
  4107 | D:5      | Mangled by an ogre

Skill      XL: |  1  2  3  4  5  6 |
---------------+-------------------+-----
Dodging        | 3 4 |  4.7
Transmutations | 3 4 |  4.8
Fighting       | 2 3 |  3.0
Unarmed Combat | 4 |  4.7
Armour         | 1 |  1.1
Spellcasting   | |  2.0

Action                   |  1- 3 |  4- 6 || total
-------------------------+-------+-------++-------
Melee: Unarmed           |   140 |   180 ||   320
       Punch             |     3 |     5 ||     8
 Cast: Beastly Appendage |       |     1 ||     1
  Use: Potion            |     1 |    10 ||    11
       Scroll            |       |     5 ||     5
 Stab: Sleeping          |     1 |     1 ||     2
  Eat: Chunk             |     1 |     5 ||     6
       Ration            |       |     2 ||     2
Armor: Robe              |    14 |     5 ||    19
       Leather armour    |       |    23 ||    23
Dodge: Dodged            |    85 |    77 ||   162
